 Dungeon Crawl Stone Soup version 0.29-a0-872-g797fff5ad1 (webtiles) character file.

Game seed: 8756369231569739436

354 greenreed the Caller (level 6, -2/24 HPs)
             Began as a Felid Summoner on July 18, 2022.
             Was an Initiate of Sif Muna.
             Slain by an orc
             ... wielding a +0 flail
              (9 damage)
             ... on level 6 of the Dungeon.
             The game lasted 00:25:21 (7605 turns).

greenreed the Caller (Felid Summoner)               Turns: 7605, Time: 00:25:22

Health: -2/24      AC:  2    Str:  4    XL:     6   Next: 35%
Magic:  13/13      EV: 18    Int: 19    God:    Sif Muna [......]
Gold:   42         SH:  5    Dex: 16    Spells: 8/13 levels left
                                        Lives:  0   Deaths: 1

rFire   . . .      SeeInvis +   (weapon unavailable)
rCold   . . .      Faith    .   (shield unavailable)
rNeg    . . .      Spirit   .   (body armour unavailable)
rPois   .          Reflect  +   (helmet unavailable)
rElec   .          Harm     .   (cloak unavailable)
rCorr   .          Rampage  .   (gloves unavailable)
Will    +....                   (boots unavailable)
Stlth   ++........              q - amulet of reflection
HPRegen 0.08/turn               s - ring of willpower
MPRegen 0.13/turn               A - ring of wizardry

@: quick
A: very small, claws 1, fangs 3, see invisible, speed 1, shaggy fur 2, stealthy
paws, no weapons or thrown items, no armour, multi-lived
a: Renounce Religion


You were on level 6 of the Dungeon.
You worshipped Sif Muna.
Sif Muna was noncommittal.
You visited 2 branches of the dungeon, and saw 7 of its levels.

You collected 432 gold pieces.
You spent 390 gold pieces at shops.

Inventory:

Jewellery
 q - an amulet of reflection (around neck)
 s - a ring of willpower (left paw)
 A - a ring of wizardry (right paw)
Wands
 r - a wand of flame (37)
 w - a wand of digging (6)
Scrolls
 b - 5 scrolls of identify {unknown}
 e - a scroll of brand weapon {unknown}
 f - 4 scrolls of magic mapping {unknown}
 g - 2 scrolls of poison {unknown}
 j - 2 scrolls of amnesia {unknown}
 l - a scroll of silence {unknown}
 u - a scroll of fear {unknown}
 v - 4 scrolls of vulnerability {unknown}
 x - a scroll of teleportation {unknown}
 y - a scroll of enchant armour {unknown}
 z - a scroll of immolation {unknown}
Potions
 a - 2 potions of magic
 c - 3 potions of haste
 d - 3 potions of curing
 h - 2 potions of heal wounds {unknown}
 i - a potion of resistance
 k - a potion of invisibility {unknown}
 m - a potion of brilliance
 n - 3 potions of mutation {unknown}
 o - 2 potions of might
 p - 2 potions of lignification {unknown}
 t - a potion of cancellation {unknown}


   Skills:
 + Level 3.5 Dodging
 + Level 3.2 Stealth
 - Level 0.6 Unarmed Combat
 + Level 4.2 Spellcasting
 + Level 6.0 Summonings
 + Level 1.0 Air Magic
 * Level 2.3 Poison Magic


You had 8 spell levels left.
You knew the following spells:

 Your Spells              Type           Power      Damage    Failure   Level
a - Summon Small Mammal   Summ           100%       N/A       1%          1
b - Poisonous Vapours     Pois/Air       20%        N/A       4%          2
c - Call Imp              Summ           27%        N/A       1%          2

Your spell library contained the following spells:

 Spells                   Type           Power      Damage    Failure   Level
 Call Canine Familiar     Summ           27%        N/A       1%          3
 Sting                    Tmut/Pois      32%        1d4       3%          1
 Summon Guardian Golem    Hex/Summ       15%        N/A       4%          3
 Apportation              Tloc           8%         N/A       6%          1
 Static Discharge         Conj/Air       6%         3-4/arc   6%          2
 Summon Lightning Spire   Summ/Air       17%        N/A       12%         4
 Inner Flame              Hex/Fire       4%         N/A       16%         3
 Olgreb's Toxic Radiance  Pois           12%        N/A       21%         4
 Cause Fear               Hex            2%         N/A       45%         4
 Dispel Undead            Necr           4%         3d7       45%         4
 Sticky Flame             Conj/Fire      4%         2d3       45%         4
 Alistair's Intoxication  Tmut/Pois      5%         N/A       65%         5
 Discord                  Hex            2%         N/A       100%        8


Dungeon Overview and Level Annotations

Branches:
Dungeon (6/15)             Temple (1/1) D:5

Altars:
Dithmenos
Fedhas
Gozag
Hepliaklqana
Kikubaaqudgha
Makhleb
Nemelex Xobeh
Okawaru
Ru
Sif Muna
Vehumet
Xom
The Shining One

Shops:
D:4 =

Annotations:
D:3 Edmund
D:5 Pikel


Innate Abilities, Weirdness & Mutations

You have sharp claws.
You have razor-sharp teeth.
You have supernaturally acute eyesight. (SInv)
You cover ground quickly. (Speed+)
You are covered in thick fur. (AC +2)
Your paws help you pounce on unaware monsters.
You are incapable of wielding weapons or throwing items.
You cannot wear armour.
You gain extra lives every three experience levels.


Message History

You hear the sound of rushing water.
There is an entrance to a sewer on this level.
Hurry and find it before the portal rusts away!
Level annotation: Pikel You hear the brisk rusting of a drain nearby.
The adder barely misses you. The ice beast misses you. Pikel barely misses you.
The adder closely misses you. The lemure barely misses you.
The ice beast misses you. Pikel misses you.
There is a stone staircase leading up here.
The adder misses you. The ice beast hits you. The ice beast freezes you!
Ouch! That really hurt!
The lemure barely misses you.
Pikel hits you with a +2 whip of freezing.
* * * LOW HITPOINT WARNING * * *
Pikel freezes you.
* * * LOW HITPOINT WARNING * * *
The adder misses you.
You climb upwards.
There is a stone staircase leading down here.
The ice beast closely misses you.
Pikel hits you with a +2 whip of freezing.
* * * LOW HITPOINT WARNING * * *
Pikel freezes you.
* * * LOW HITPOINT WARNING * * *
There is a stone staircase leading up here.
There is a stone staircase leading down here.
You climb downwards.
You hear the sound of rushing water.
There is an entrance to a sewer on this level.
Hurry and find it before the portal rusts away!
You hear the brisk rusting of a drain nearby.
The orc shouts!
A water moccasin comes into view.
There is a stone staircase leading up here.
You climb upwards.
Level annotation: Pikel
There is a stone staircase leading down here.
You climb downwards.
You hear the sound of rushing water.
There is an entrance to a sewer on this level.
Hurry and find it before the portal rusts away!
The orc hits you with a +0 flail!
You die...

.... ... #.# ..#(.. ..
....##<. ..#o.. .#
......... ...... ##.#
...####... .....## #>.##..
#..# #....# ###.#... #..#
#....###...#.###.. .#...
#....#.@o......... .....
...#...)..###.####.........
.........## #.# #..........
........#####o##...[.......
#.....###............ .....
###.......##..##.#### #...
...$ ## ##.###.# #$.. .....
#..###.# #... .... #......+
+..o


You could see an orc.

Vanquished Creatures
  A centaur (D:5)
  A scorpion (D:5)
  An iguana (D:4)
  An orc (D:5)
  4 bats
  A giant cockroach (D:1)
  A hobgoblin (D:1)
  A quokka (D:2)
11 creatures vanquished.

Vanquished Creatures (collateral kills)
  A hound (D:5)
  2 jellies
  An iguana (D:5)
  An orc wizard (D:5)
  Natasha (thrice) (D:4)
  Robin (D:4)
  A shadow imp (D:5)
  4 adders
  A white imp (D:4)
  An ufetubus (D:3)
  A worm (D:2)
  8 orcs
  8 endoplasms
  A giant cockroach (D:4)
  9 goblins
  6 hobgoblins
  2 jackals (D:4)
  2 quokkas
  5 ball pythons
  4 bats
  6 frilled lizards
  A kobold (D:1)
  5 rats
74 creatures vanquished.

Grand Total: 85 creatures vanquished

Notes
Turn   | Place    | Note
-------+----------+-------------------------------------------
     0 | D:1      | greenreed the Felid Summoner began the quest for the Orb.
     0 | D:1      | Reached XP level 1. HP: 7/7 MP: 4/4
    67 | D:1      | Found a faded altar of an unknown god.
   513 | D:1      | Reached XP level 2. HP: 11/11 MP: 6/6
   916 | D:1      | Learned a level 2 spell: Poisonous Vapours
   929 | D:1      | Learned a level 2 spell: Call Imp
  1556 | D:2      | Reached XP level 3. HP: 14/14 MP: 2/7
  2792 | D:3      | Reached XP level 4. HP: 18/18 MP: 9/9
  2903 | D:3      | Identified the +6 sling "Ketug" {venom, Dex+7}
  3131 | D:4      | Noticed Edmund
  3681 | D:4      | Reached skill level 5 in Summonings
  3849 | D:4      | Noticed Robin
  3890 | D:4      | Reached skill level 1 in Poison Magic
  3905 | D:4      | Killed Robin
  3948 | D:4      | Reached XP level 5. HP: 8/21 MP: 4/10
  4161 | D:4      | Found Zyrof's Jewellery Shoppe.
  4273 | D:4      | Noticed Natasha
  4305 | D:4      | Killed Natasha
  4906 | D:4      | Noticed Natasha
  4917 | D:4      | Killed Natasha
  5101 | D:5      | Entered Level 5 of the Dungeon
  5121 | D:5      | Gained mutation: You are covered in thick fur. (AC +2)
                  | [Felid growth]
  5121 | D:5      | Reached XP level 6. HP: 9/24 MP: 7/12
  5440 | D:5      | Found a burning altar of Makhleb.
  5666 | D:5      | Shot with an arrow by a centaur
  5667 | D:5      | Reached XP level 5. HP: -10/21 MP: 0/11
  5671 | D:5      | Killed a centaur
  5672 | D:5      | Reached skill level 1 in Air Magic
  5780 | D:5      | Reached skill level 6 in Summonings
  5780 | D:5      | Reached XP level 6. HP: 20/24 MP: 1/13
  6088 | D:5      | Found a shimmering blue altar of Sif Muna.
  6202 | D:5      | Found a staircase to the Ecumenical Temple.
  6292 | D:5      | Became a worshipper of Sif Muna the Loreminder
  6761 | D:4      | Noticed Natasha
  6765 | D:4      | Killed Natasha
  6804 | D:4      | Bought a ring of wizardry for 390 gold pieces
  6885 | Temple   | Entered the Ecumenical Temple
  7125 | D:6      | Noticed an orc warrior
  7301 | D:6      | Noticed an orc warrior
  7306 | D:6      | Noticed Pikel
  7321 | D:6      | Noticed an ice beast
  7601 | D:6      | Noticed a water moccasin
  7605 | D:6      | Slain by an orc

Illustrated notes

Levels and vault maps discovered:
D:1:      heliophobic_arrival_battle_scene, layout_rooms,
          dreamdust_ecumenical_altar_hidden_monk_grotto,
          minmay_misc_feat_ornament
D:2:      layout_basic, dk_vineyard_1
D:3:      layout_basic
D:4:      layout_loops_ring, serial_shops, shop_coins, uniq_robin, uniq_edmund,
          uniq_natasha
D:5:      layout_loops_ring, kennysheep_orc_sif_temple,
          mainiacjoe_overflow_brackets, temple_green
D:6:      layout_rooms, nicolae_overflow_hidden_temple,
          mainiacjoe_overflow_boulevard, lemuel_doored_altar,
          nicolae_overflow_squiral, gup_sewer_entry_glass, uniq_pikel
Temple:   grunt_temple_mini_profane

Skill      XL: |  1  2  3  4  5  6 |
---------------+-------------------+-----
Spellcasting   | 3 4 |  4.2
Summonings     | 5 6 |  6.0
Poison Magic   | 1 2 |  2.3
Dodging        | 3 |  3.5
Stealth        | 3 |  3.2
Air Magic      | 1 |  1.0
Unarmed Combat | |  0.6

Action                   |  1- 3 |  4- 6 || total
-------------------------+-------+-------++-------
Melee: Unarmed           |    16 |    11 ||    27
       Bite              |     3 |     5 ||     8
       Punch             |     1 |       ||     1
 Cast: Summon Small Mamm |    43 |    54 ||    97
       Call Imp          |    12 |    44 ||    56
       Poisonous Vapours |     1 |    10 ||    11
  Use: Potion            |       |     4 ||     4
 Stab: Sleeping          |     1 |       ||     1
       Distracted        |     1 |     1 ||     2
Armor: Skin              |     6 |     1 ||     7
Dodge: Dodged            |    31 |    60 ||    91
Block: Other             |       |    11 ||    11
       Reflection        |       |     1 ||     1

Table legend: (Time is in decaauts)
 A = Elapsed time spent in this place.
 B = Non-inter-level travel time spent in this place.
 C = Inter-level travel time spent in this place.
 D = Time resting spent in this place.
 E = Time spent auto-exploring this place.
 F = Levels seen in this place.
 G = Mean time per level.
                   A        B        C        D        E       F      G
               +--------+--------+--------+--------+--------+-----+--------+
         Total |   6753 |   6429 |    324 |    418 |   4640 |   7 |  964.7 |
       Dungeon |   6580 |   6274 |    306 |    418 |   4489 |   6 | 1096.7 |
        Temple |    173 |    156 |     17 |      0 |    151 |   1 |  173.0 |
               +--------+--------+--------+--------+--------+-----+--------+

Top non-repeatable levels by time:
     D:5: 1900 daAuts
     D:4: 1571 daAuts
     D:1: 1181 daAuts
     D:3: 953 daAuts
     D:2: 916 daAuts
  Temple: 173 daAuts
     D:6: 56 daAuts
